 Dungeon Crawl Stone Soup version 0.23-a0-407-g92528d7 (webtiles) character file.

1347 nikopol the Cleaver (level 8, -1/70 HPs)
             Began as a Minotaur Berserker on Nov 7, 2018.
             Was a Priest of Trog.
             Slain by a scorpion (7 damage)
             ... on level 7 of the Dungeon.
             The game lasted 00:08:19 (4481 turns).

nikopol the Cleaver (Minotaur Berserker)            Turns: 4481, Time: 00:08:20

Health: -1/70      AC: 11    Str: 22    XL:     8   Next: 36%
Magic:  7/7        EV:  9    Int:  4    God:    Trog [***...]
Gold:   76         SH:  0    Dex: 12    Spells: 7/7 levels left

rFire    + . .     SeeInvis .   a - +0 war axe
rCold    + . .     Gourm    .   (no shield)
rNeg     . . .     Faith    .   h - +0 chain mail
rPois    .         Spirit   .   (helmet restricted)
rElec    .         Reflect  .   (no cloak)
rCorr    .         Harm     .   (no gloves)
MR       .....                  g - +0 pair of boots
Stlth    ..........             (no amulet)
HPRegen  0.21/turn              o - ring of protection from fire
MPRegen  0.10/turn              d - ring of protection from cold

@: lethally poisoned (-1 -> -15), berserk cooldown, slowed, very slow
A: retaliatory headbutt, horns 2
a: Berserk, Trog's Hand, Renounce Religion


You were on level 7 of the Dungeon.
You worshipped Trog.
Trog was most pleased with you.
You were not hungry.

You visited 1 branch of the dungeon, and saw 7 of its levels.

You collected 256 gold pieces.
You spent 180 gold pieces at shops.

Inventory:

Hand Weapons
 a - a +0 war axe (weapon)
 t - a +0 hand axe
 z - a +0 shortbow
Missiles
 e - 47 arrows
Armour
 b - a +0 animal skin
 g - a +0 pair of boots (worn)
 h - a +0 chain mail (worn)
 w - the +4 scale mail "Kun Zen" {rN++ Int-5 SInv Stlth+}
   (You found it on level 4 of the Dungeon)

   It affects your intelligence (-5).
   It greatly protects you from negative energy.
   It lets you see invisible.
   It makes you more stealthy.
Jewellery
 d - a ring of protection from cold (right hand)
 o - a ring of protection from fire (left hand)
 p - an uncursed amulet of magic regeneration {unknown}
Wands
 s - a wand of random effects (24)
Scrolls
 f - 6 scrolls of remove curse
 i - a scroll of fog
 l - a scroll of magic mapping
 m - a scroll of random uselessness {unknown}
 q - 6 scrolls of teleportation
 r - 4 scrolls of identify
 u - a scroll of enchant weapon {unknown}
 v - a scroll of blinking {unknown}
 y - a scroll of noise {unknown}
 D - a scroll of enchant armour {unknown}
 E - a scroll of summoning {unknown}
Potions
 j - 2 potions of curing
 k - 2 potions of lignification
 n - a potion of resistance {unknown}
 x - a potion of flight {unknown}
 A - 2 potions of degeneration {unknown}
 B - a potion of ambrosia {unknown}
 C - a potion of heal wounds {unknown}
Comestibles
 c - 18 rations


   Skills:
 + Level 5.9 Fighting
 * Level 10.3 Axes
 * Level 1.2 Bows
 + Level 5.4 Armour
 + Level 3.0 Dodging


You had 7 spell levels left.
You didn't know any spells.
Your spell library was empty.

Dungeon Overview and Level Annotations

Branches:
Dungeon (7/15)             Temple (0/1) D:6

Altars:
Ashenzari
Fedhas
Hepliaklqana
Nemelex Xobeh
Ru
Trog

Shops:
D:5 *


Innate Abilities, Weirdness & Mutations

You reflexively headbutt those who attack you in melee.
You have a pair of horns on your head.


Message History

You are lethally poisoned!
The scorpion poisons you!
You slash the scorpion!
The scorpion is severely wounded.
* * * LOW HITPOINT WARNING * * *
You feel sick.
The scorpion stings you but does no damage. x2
You hit the scorpion.
The scorpion is severely wounded.
* * * LOW HITPOINT WARNING * * *
You feel sick.
The scorpion stings you but does no damage.
You closely miss the scorpion. Your headbutt misses the scorpion.
The scorpion is severely wounded.
* * * LOW HITPOINT WARNING * * *
You feel sick. The scorpion stings you.
* * * LOW HITPOINT WARNING * * *
You are more poisoned.
The scorpion poisons you! The scorpion stings you!
You die...

,********** #...#
*,,,,,,,,
,*********#####...##
*,,,,,,,,
,,,,,,,,,,.........#
*,,,,,,**
***********####....#
*,,,,,,*
*,,,,,*#...†<..#
**,,,,,,*
*,,...##...)...#
*,,,,,,,*
*,,............#
*,*****,*
*,,......(.....#####+**
*,**
*,,.....(...@.......,,*
*,,,
*,,....(.....s......,,*
****
*,,..((.............,,*
*,,..(P.#+###.......,,*
*,,.....*,***.......,,*
*,,...##*,*,,......#,**
****##***,*,*##...(#,*
*,,,*,* *..(.#,*
*,***,* ******,*


You could see a scorpion.

Vanquished Creatures
  An ice beast (D:5)
  An orc warrior (D:4)
  A sky beast (D:7)
  2 centaurs
  3 bullfrogs (D:6)
  A water moccasin zombie (D:5)
  2 scorpions
  A water moccasin skeleton (D:6)
  2 crimson imps (D:5)
  A bullfrog zombie (D:5)
  2 hounds
  An orc priest (D:3)
  2 bullfrog skeletons (D:5)
  An orc wizard (D:3)
  A mummy (D:7)
  A worker ant zombie (D:6)
  A howler monkey skeleton (D:4)
  8 adders
  3 gnolls (D:2)
  2 oozes
  An adder skeleton (D:4)
  A worm (D:3)
  2 leopard geckos
  15 orcs
  A giant cockroach (D:2)
  5 goblins
  9 hobgoblins
  13 jackals
  8 kobolds
  3 quokkas
  5 bats
  3 frilled lizards
  A giant cockroach zombie (D:6)
  A leopard gecko skeleton (D:5)
  A quokka skeleton (D:5)
  7 rats
113 creatures vanquished.

Notes
Turn   | Place    | Note
-------+----------+-------------------------------------------
     0 | D:1      | nikopol the Minotaur Berserker began the quest for the Orb.
     0 | D:1      | Reached XP level 1. HP: 19/19 MP: 0/0
   312 | D:1      | Reached XP level 2. HP: 27/27 MP: 1/1
   593 | D:1      | Reached skill level 4 in Axes
   999 | D:2      | Reached XP level 3. HP: 33/33 MP: 2/2
  1026 | D:2      | Reached ** piety under Trog
  1263 | D:2      | HP: 1/51 [gnoll/+0 halberd (7)]
  1492 | D:2      | Reached skill level 5 in Axes
  1492 | D:2      | Reached XP level 4. HP: 33/41 MP: 3/3
  2005 | D:3      | Reached XP level 5. HP: 47/47 MP: 4/4
  2157 | D:3      | Found a sparkling altar of Nemelex Xobeh.
  2167 | D:3      | Reached skill level 6 in Axes
  2218 | D:3      | Found a bloodstained altar of Trog.
  2218 | D:3      | Found a sacrificial altar of Ru.
  2218 | D:3      | Found a shattered altar of Ashenzari.
  2309 | D:3      | Found a blossoming altar of Fedhas.
  2622 | D:4      | Reached skill level 5 in Fighting
  2622 | D:4      | Reached XP level 6. HP: 54/56 MP: 5/5
  2663 | D:4      | Noticed an orc warrior
  2671 | D:4      | Reached *** piety under Trog
  2676 | D:4      | Killed an orc warrior
  2676 | D:4      | Reached skill level 7 in Axes
  2833 | D:4      | Got a fine scale mail
  2844 | D:4      | Identified the +4 scale mail "Kun Zen" {rN++ Int-5 SInv
                  | Stlth+} (You found it on level 4 of the Dungeon)
  2844 | D:4      | Lost intelligence.
  3386 | D:5      | Entered Level 5 of the Dungeon
  3441 | D:5      | Reached XP level 7. HP: 61/61 MP: 6/6
  3530 | D:5      | Reached skill level 8 in Axes
  3610 | D:5      | Found a hazy altar of Hepliaklqana.
  3938 | D:5      | Found Ydiath's Assorted Antiques.
  3950 | D:5      | Bought 3 scrolls of teleportation for 180 gold pieces
  3998 | D:6      | Reached skill level 9 in Axes
  3998 | D:6      | Reached skill level 5 in Armour
  4134 | D:6      | Reached XP level 8. HP: 37/69 MP: 7/7
  4185 | D:6      | Found a staircase to the Ecumenical Temple.
  4450 | D:7      | Reached skill level 10 in Axes
  4455 | D:7      | Reached skill level 1 in Bows
  4481 | D:7      | Slain by a scorpion

Vault maps used:
D:1:      tarquinn_simple_flora_water_a
D:2:      st_stairs_7
D:3:      lemuel_round_altar, lemuel_doored_altar,
          gammafunk_temple_overflow_forgotten, serial_bayou_pond_d
D:4:      nicolae_overflow_hidden_temple, first_ration,
          chequers_serial_rivers_micro_b
D:5:      overflow_temple_1_default, serial_shops, nicolae_shop_statue_plus
D:6:      minmay_temple_entry_statues_pillars, grunt_decor_fettered
D:7:      grunt_qazlal_clouds, enter_bailey_6, basic_altar, serial_shops,
          nicolae_shop_overgrown_old_shop, serial_undead, serial_undead_e,
          serial_undead_a, serial_undead_a, serial_undead_e

Skill      XL: |  1  2  3  4  5  6  7  8 |
---------------+-------------------------+-----
Fighting       | 4 5 |  5.9
Axes           | 4 5 6 7 9 10 | 10.3
Armour         | 3 4 5 |  5.4
Dodging        | 3 |  3.0
Bows           | 1 |  1.2

Action                   |  1- 3 |  4- 6 |  7- 9 || total
-------------------------+-------+-------+-------++-------
Melee: Hand axe          |    80 |    71 |       ||   151
       Headbutt          |     9 |    24 |    17 ||    50
       War axe           |       |    71 |    92 ||   163
 Fire: Shortbow          |       |       |    13 ||    13
Invok: Berserk           |     1 |     1 |     1 ||     3
  Use: Scroll            |       |     1 |     7 ||     8
  Eat: Chunk             |     2 |     7 |     5 ||    14
Armor: Animal skin       |     3 |       |       ||     3
       Chain mail        |    40 |    88 |    58 ||   186
Dodge: Dodged            |    46 |    67 |    38 ||   151

Table legend:
 A = Non-vault XP
 B = Vault XP
 C = Vault XP percentage of total XP
 D = Non-vault monster count
 E = Vault monster count
 F = Vault count percentage of total count
                 A         B        C        D         E       F
            +---------+---------+-------+---------+---------+-------
      Total |    1905 |      20 |   1.0 |     111 |       2 |   1.8
            +---------+---------+-------+---------+---------+-------
        D:1 |      20 |       0 |   0.0 |      14 |       0 |   0.0
        D:2 |     135 |       2 |   1.5 |      27 |       1 |   3.6
        D:3 |     174 |       0 |   0.0 |      26 |       0 |   0.0
        D:4 |     299 |       0 |   0.0 |      15 |       0 |   0.0
        D:5 |     532 |       0 |   0.0 |      19 |       0 |   0.0
        D:6 |     504 |       0 |   0.0 |       8 |       0 |   0.0
        D:7 |     241 |      18 |   6.9 |       2 |       1 |  33.3
            +---------+---------+-------+---------+---------+-------
